 Dungeon Crawl Stone Soup version 0.28-a0-1389-gc726bef33b (webtiles) character file.

Game seed: 17965070987180075341

95 Majang the Digger (level 4, -3/24 HPs)
             Began as a Kobold Earth Elementalist on Jan 3, 2022.
             Was an Initiate of Hepliaklqana.
             Slain by a gnoll (4 damage)
             ... on level 4 of the Dungeon.
             The game lasted 00:08:48 (4300 turns).

Majang the Digger (Kobold Earth Elementalist)       Turns: 4300, Time: 00:08:49

Health: -3/24      AC:  3    Str:  5    XL:     4   Next: 95%
Magic:  7/8        EV: 15    Int: 18    God:    Hepliaklqana [......]
Gold:   136        SH:  0    Dex: 15    Spells: 3/9 levels left

rFire   . . .      SeeInvis .   a - +0 dagger
rCold   . . .      Faith    .   (no shield)
rNeg    . . .      Spirit   .   d - +0 robe
rPois   .          Reflect  .   (no helmet)
rElec   .          Harm     .   (no cloak)
rCorr   .          Rampage  .   (no gloves)
Will    .....                   r - +0 pair of boots
Stlth   +++.......              (no amulet)
HPRegen 0.08/turn               (no ring)
MPRegen 0.11/turn               (no ring)

@: brilliant
A: small, no large weapons, nightstalker 3
a: Renounce Religion


You were on level 4 of the Dungeon.
You worshipped Hepliaklqana.
Hepliaklqana was noncommittal.
You visited 1 branch of the dungeon, and saw 4 of its levels.

You collected 136 gold pieces.

Inventory:

Hand Weapons
 a - a +0 dagger (weapon)
 b - a +0 short sword
Missiles
 c - 75 stones
Armour
 d - a +0 robe (worn)
 r - a +0 pair of boots (worn)
Jewellery
 l - a ring of protection from cold
 m - a ring of ice
Scrolls
 e - 3 scrolls of blinking {unknown}
 f - a scroll of fear {unknown}
 i - a scroll of identify {unknown}
 j - 2 scrolls of teleportation {unknown}
 k - a scroll of noise {unknown}
 p - a scroll of magic mapping {unknown}
 q - a scroll of enchant armour {unknown}
Potions
 g - a potion of brilliance
 h - a potion of heal wounds {unknown}
 n - a potion of haste {unknown}
 o - a potion of mutation {unknown}


   Skills:
 - Level 2.4 Dodging
 - Level 2.6 Stealth
 + Level 3.2 Spellcasting
 - Level 1.0 Transmutations
 * Level 4.6 Earth Magic


You had 3 spell levels left.
You knew the following spells:

 Your Spells              Type           Power      Damage    Failure   Level
a - Sandblast             Erth           58%        2d13      2%          1
b - Stone Arrow           Conj/Erth      32%        3d9       19%         3
w - Passwall              Tmut/Erth      15%        N/A       8%          2

Your spell library contained the following spells:

 Spells                   Type           Power      Damage    Failure   Level
 Portal Projectile        Hex/Tloc       8%         N/A       43%         3
 Petrify                  Tmut/Erth      19%        N/A       45%         4
 Blade Hands              Tmut           4%         N/A       96%         5
 Excruciating Wounds      Necr           2%         N/A       99%         5


Dungeon Overview and Level Annotations

Branches:
Dungeon (4/15)
 Temple: D:4-7

Altars:
Elyvilon
Gozag
Hepliaklqana
Trog
Vehumet
Xom
Zin
The Shining One

Shops:
D:1 *


Innate Abilities, Weirdness & Mutations

You are small and have problems with some larger weapons.
You are completely attuned to the shadows.


Message History

The gnoll misses you.
You closely miss the gnoll.
The gnoll is almost dead.
The gnoll closely misses you.
You hit the gnoll but do no damage.
The gnoll is almost dead.
The gnoll misses you.
You closely miss the gnoll.
The gnoll is almost dead.
The gnoll hits you with a +0 flail.
You hit the gnoll.
You kill the gnoll!
You start resting.
A kobold comes into view. It is wielding a +0 dagger.
A gnoll comes into view. It is wielding a +0 club.
Things that are here:
a +0 flail; a gnoll corpse The gnoll hits you with a +0 club!
You hit the gnoll but do no damage. The gnoll hits you with a +0 club.
Casting: Sandblast (safe; 2% risk of failure)
Confirm with . or Enter, or press ? or * to list all spells.
Aiming: Sandblast (safe; 2% risk of failure)
Press: ? - help, Shift-Dir - straight line, f - gnoll
Aim: a gnoll, wielding a +0 club (82% to hit)
The blast of sand misses the gnoll.
The kobold shouts!
You hear a bark!
The kobold unwields a +0 dagger.
The kobold wields a +0 hand crossbow.
The kobold shoots a bolt.
The bolt hits you.
* * * LOW HITPOINT WARNING * * *
The gnoll hits you with a +0 club.
* * * LOW HITPOINT WARNING * * *
A gnoll comes into view. It is wielding a +4 whip of draining.
You hear a bark!
It was a potion of brilliance.
You feel clever all of a sudden.
You hear a bark!
The kobold shoots a bolt.
The bolt hits you.
* * * LOW HITPOINT WARNING * * *
The gnoll hits you with a +0 club.
You die...

#### #...#.g
.##.K##g#
......##@#
#.#.#.##.###
#.#...$).....
#.....K..####
###.#.##>#
####.#......
.....####..#
####.####..
...........


You could see 2 gnolls and a kobold.

Vanquished Creatures
  A gnoll (D:4)
  2 adders (D:2)
  2 worms
  3 dart slugs (D:2)
  9 endoplasms
  A giant cockroach (D:2)
  6 hobgoblins
  6 jackals
  4 ball pythons
  A bat (D:2)
  6 frilled lizards
  3 goblins
  4 kobolds
  6 rats
54 creatures vanquished.

Notes
Turn   | Place    | Note
-------+----------+-------------------------------------------
     0 | D:1      | Majang the Kobold Earth Elementalist began the quest for
                  | the Orb.
     0 | D:1      | Reached XP level 1. HP: 10/10 MP: 3/3
   555 | D:1      | Reached XP level 2. HP: 15/15 MP: 5/5
   565 | D:1      | Learned a level 2 spell: Passwall
  1112 | D:1      | Reached XP level 3. HP: 19/19 MP: 6/6
  1159 | D:1      | Found a faded altar of an unknown god.
  1441 | D:1      | You fall into a shaft and drop 1 floor!
  1748 | D:1      | Found Oshij's Assorted Antiques.
  1951 | D:2      | Reached skill level 4 in Earth Magic
  2243 | D:2      | Reached XP level 4. HP: 17/24 MP: 8/8
  3721 | D:3      | Found a shimmering altar of Xom.
  3770 | D:3      | Found a glowing golden altar of the Shining One.
  3772 | D:3      | Found a hazy altar of Hepliaklqana.
  3773 | D:3      | Found a glowing silver altar of Zin.
  3776 | D:3      | Found a radiant altar of Vehumet.
  3783 | D:3      | Found an opulent altar of Gozag.
  3784 | D:3      | Found a bloodstained altar of Trog.
  3787 | D:3      | Found a white marble altar of Elyvilon.
  3810 | D:3      | Became a worshipper of Hepliaklqana the Forgotten
  4075 | D:3      | Learned a level 3 spell: Stone Arrow
  4300 | D:4      | HP: 1/24 [kobold/bolt (3)]
  4300 | D:4      | Slain by a gnoll

Illustrated notes

Levels and vault maps discovered:
D:1:      minmay_arrival_split_and_join, layout_rooms, basic_ecumenical_altar,
          serial_shops, nicolae_shop_statue_plus, chequers_arboretum
D:2:      kennysheep_six_static_rooms, layout_loops_corners
D:3:      layout_rooms, nicolae_overflow_hallway_of_the_gods
D:4:      layout_loops_cross

Skill      XL: |  1  2  3  4 |
---------------+-------------+-----
Earth Magic    | 4 |  4.6
Spellcasting   | 3 |  3.2
Dodging        | |  2.4
Stealth        | |  2.6
Transmutations | |  1.0

Action                   |  1- 3 |  4- 6 || total
-------------------------+-------+-------++-------
Melee: Dagger            |    85 |    95 ||   180
 Cast: Sandblast         |    18 |    10 ||    28
  Use: Potion            |       |     1 ||     1
 Stab: Sleeping          |    13 |     9 ||    22
Armor: Robe              |    11 |     9 ||    20
Dodge: Dodged            |    76 |    64 ||   140

Table legend: (Time is in decaauts)
 A = Elapsed time spent in this place.
 B = Non-inter-level travel time spent in this place.
 C = Inter-level travel time spent in this place.
 D = Time resting spent in this place.
 E = Time spent auto-exploring this place.
 F = Levels seen in this place.
 G = Mean time per level.
                   A        B        C        D        E       F      G
               +--------+--------+--------+--------+--------+-----+--------+
         Total |   4300 |   4179 |    121 |   1765 |   1796 |   4 | 1075.0 |
       Dungeon |   4300 |   4179 |    121 |   1765 |   1796 |   4 | 1075.0 |
               +--------+--------+--------+--------+--------+-----+--------+

Top non-repeatable levels by time:
     D:1: 1756 daAuts
     D:2: 1603 daAuts
     D:3: 829 daAuts
     D:4: 110 daAuts
